 Dungeon Crawl Stone Soup version 0.22.1-2-g9c5b331383 (webtiles) character file.

1081724 Kniotic the Axe Maniac (level 27, 0/448 (450) HPs)
             Began as a Minotaur Berserker on Nov 16, 2018.
             Was a High Priest of Trog.
             Slain by a death scarab (1 damage)
             ... summoned by a greater mummy
             ... on level 2 of the Tomb of the Ancients on Nov 21, 2018.
             The game lasted 04:50:14 (99380 turns).

Kniotic the Axe Maniac (Minotaur Berserker)        Turns: 99380, Time: 04:50:14

HP:   0/448 (450)   AC: 33    Str: 33 (39) XL:     27
MP:   39/39         EV:  2    Int:  6      God:    Trog [*****.]
Gold: 7856          SH:  0    Dex: 15 (19) Spells: 26/26 levels left

rFire    + . .     SeeInvis .   o - +9 executioner's axe of Trog's Indignation {freeze, rF+ MR+ Dex+3}
rCold    + + .     Gourm    .   (shield currently unavailable)
rNeg     + + +     Faith    .   (armour currently unavailable)
rPois    +         Spirit   .   (helmet currently unavailable)
rElec    .         Reflect  .   (cloak currently unavailable)
rCorr    .         Harm     .   (gloves currently unavailable)
MR       +++++     Rnd*Rage +   (boots currently unavailable) Stlth +.........NoTele +
                                t - macabre finger necklace {rN+}
HPRegen  1.00/turn              M - ring of Obsession {rF+ Dex+3 Slay+3}
MPRegen  0.26/turn              V - ring of Boribal {+Fly rC+ Int+5}
                                y - ring of Kakk {Ice rPois rN+ Int-3}

@: mighty, lethally poisoned (0 -> -59), tree-form, recuperating, badly
diseased, hasted and slowed
A: (retaliatory headbutt), berserk 1, robust 1, screaming 1, strong 1
}: 9/15 runes: decaying, serpentine, slimy, silver, iron, obsidian, icy, bone,
abyssal
a: Berserk, Trog's Hand, Brothers in Arms, Renounce Religion


You were on level 2 of the Tomb of the Ancients.
You worshipped Trog.
Trog was extremely pleased with you.
You were very hungry.
You were a tree.
You visited 17 branches of the dungeon, and saw 88 of its levels.
You visited the Abyss 2 times.
You visited 1 bazaar.
You also visited: Trove, Bailey, Ice Cave and Wizlab.

You collected 10673 gold pieces.
You spent 2817 gold pieces at shops.

Inventory:

Hand Weapons
 o - the +9 executioner's axe of Trog's Indignation (weapon) {freeze, rF+ MR+ Dex+3}
   (Trog gifted it to you on level 3 of the Snake Pit)

   It has been specially enchanted to freeze those struck by it, causing extra
   injury to most foes and up to half again as much damage against particularly
   susceptible opponents.
   It can also slow down cold-blooded creatures.
   It affects your dexterity (+3).
   It protects you from fire.
   It affects your resistance to hostile enchantments.
Armour
 b - the +18 shield of the Gong {rElec rN+ MR+ EV-5}
   (You found it on level 2 of the Depths)

   It affects your evasion (-5).
   It insulates you from electricity.
   It protects you from negative energy.
   It affects your resistance to hostile enchantments.
 d - the +0 hat "Trusted Companion" (melded) {rElec rPois Int+6 Dex-2}
   (You acquired it on level 2 of the Crypt)

   It affects your intelligence (+6).
   It affects your dexterity (-2).
   It insulates you from electricity.
   It protects you from poison.
 k - +4 gold dragon scales (melded)
 m - a +1 pair of boots (melded)
 x - a +2 cloak of invisibility (melded)
 A - a +1 pair of gloves (melded)
Jewellery
 t - the macabre finger necklace (around neck) {rN+}
   (You found it on level 4 of the Depths)

   [amulet of nothing]

   It protects you from negative energy.
 u - an uncursed ring of positive energy
 y - the ring of Kakk (on amulet) {Ice rPois rN+ Int-3}
   (You found it on level 7 of Cocytus)

   [ring of ice]

   It enhances your ice magic.
   It affects your intelligence (-3).
   It makes you vulnerable to fire.
   It protects you from cold.
   It protects you from poison.
   It protects you from negative energy.
 I - the amulet of Orhiapp {+Rage MR+ Str+5}
   (You found it on level 1 of the Tomb of the Ancients)

   [amulet of rage]

   It affects your strength (+5).
   It affects your resistance to hostile enchantments.
   It lets you go berserk.
 M - the ring of Obsession (left branch) {rF+ Dex+3 Slay+3}
   (You bought it in a shop on level 3 of the Vaults)

   [ring of slaying]

   It affects your dexterity (+3).
   It affects your accuracy and damage with ranged weapons and melee attacks
   (+3).
   It protects you from fire.
 Q - the ring of Hyjym {Fire MR+ Dex+5 SInv}
   (You bought it in a shop on level 3 of the Vaults)

   [ring of fire]

   It enhances your fire magic.
   It affects your dexterity (+5).
   It protects you from fire.
   It makes you vulnerable to cold.
   It affects your resistance to hostile enchantments.
   It lets you see invisible.
 T - the amulet of Qazlal's Delight {+Rage rPois}
   (You found it in a treasure trove)

   [amulet of rage]

   It protects you from poison.
   It lets you go berserk.
 V - the ring of Boribal (right branch) {+Fly rC+ Int+5}
   (You found it in a treasure trove)

   [ring of flight]

   It affects your intelligence (+5).
   It protects you from cold.
   It lets you fly.
Wands
 a - a wand of acid (14)
 r - a wand of clouds (9)
 O - a wand of digging (39)
Scrolls
 e - 23 scrolls of remove curse
 g - 8 scrolls of magic mapping
 i - 23 scrolls of teleportation
 q - 8 scrolls of fog
 s - 5 scrolls of enchant weapon
 v - a scroll of blinking
 E - 3 scrolls of identify
 F - 2 scrolls of holy word
 L - 3 scrolls of vulnerability
 N - 9 scrolls of fear
 P - 7 scrolls of silence
 R - 3 scrolls of summoning
 X - 9 scrolls of immolation
Potions
 h - 2 potions of heal wounds
 j - 8 potions of brilliance
 l - 9 potions of curing
 n - a potion of ambrosia
 p - a potion of mutation
 z - 9 potions of haste
 B - 3 potions of resistance
 C - 2 potions of lignification
 D - 9 potions of agility
 G - 4 potions of cancellation
 K - a potion of might
 Y - 2 potions of invisibility
Miscellaneous
 f - a fan of gales
 w - 3 sacks of spiders
 H - the horn of Geryon
 U - a phial of floods
 W - 3 phantom mirrors
Comestibles
 c - 48 rations


   Skills:
 O Level 27 Fighting
 O Level 27 Axes
 O Level 27 Armour
 O Level 27 Dodging
 O Level 27 Shields
 + Level 26.3 Evocations


You had 26 spell levels left.
You didn't know any spells.
Your spell library was empty.

Dungeon Overview and Level Annotations

Branches:
Dungeon (15/15)            Temple (0/1) D:7            Lair (6/6) D:9
  Swamp (4/4) Lair:4        Snake (4/4) Lair:4        Slime (5/5) Lair:5
    Orc (2/2) D:12            Elf (3/3) Orc:2        Vaults (5/5) D:13
  Crypt (3/3) Vaults:3       Tomb (2/3) Crypt:3      Depths (5/5) D:15
   Hell (1/1)                 Dis (7/7) Hell            Geh (7/7) Hell
    Coc (7/7) Hell            Tar (7/7) Hell            Zot (5/5) Depths:5

Altars:
Cheibriados
Fedhas
Kikubaaqudgha
Makhleb
Okawaru
Uskayaw
Vehumet
Wu Jian
Xom
Yredelemnul
The Shining One
Beogh
Jiyva

Shops:
D:5 :   D:6 :   D:11 %[*?   Orc:2 ?![}   Elf:3 [(   Snake:4 :   Vaults:2 ?
Vaults:3 =

Portals:
Hell: Lair:6 Depths:1 Depths:2 Depths:3 Depths:4 Depths:5
Abyss: Depths:4
Pandemonium: Orc:2 Depths:1 Depths:3 Depths:5
Ziggurat: Depths:4

Annotations:
D:9 3 runed doors, purrlore's ghost, novice HuBe
Snake:4 3 runed doors, Dommiel19's ghost, adept MiBe
Elf:2 3 runed doors
Elf:3 exclusion: orange crystal statue
Crypt:2 1 runed door, Adoman's ghost, veteran MiBe


Innate Abilities, Weirdness & Mutations

((You reflexively headbutt those who attack you in melee.))
((You have a pair of horns on your head.))
((You are partially covered in thin metallic scales. (AC +2)))
You tend to lose your temper in combat.
You are robust. (+10% HP)
You occasionally shout uncontrollably at your foes.
Your muscles are strong. (Str +2)
((You are occasionally teleported next to monsters.))


Message History

* * * LOW HITPOINT WARNING * * *
The emperor scorpion barely misses you.
The emperor scorpion claws you but does no damage.
The greater mummy hits you but does no damage.
A guardian mummy comes into view.
The ushabti shakes and rattles deafeningly!
The death scarab bites you.
* * * LOW HITPOINT WARNING * * *
The death scarab drains your vigour!
You feel as though you will be slow longer.
The greater mummy casts a spell.
You feel much better.
You are engulfed in dark miasma.
You are more poisoned.
You feel your flesh rotting away!
You already are as slow as you could be.
* * * LOW HITPOINT WARNING * * *
x2 You feel extremely sick.
The death scarab bites you!!
* * * LOW HITPOINT WARNING * * *
The death scarab bites you.
You die...

,,,,*,,,*,,,,,,,,,,,,,,,*,,*,,,,,
,,,,*,,,*,.....###..)..,*,,*,,,,,
,,,,*,,,#.,...#...#...,,*,,+,,,,,
,,,,*,,,#....#.....#.,,.*,,******
,,,,#...,#..#.......#,.#,,,*,,,,,
*+**#....#..#.....§.#..#,,,*,,,,,
,,,,#....#.#.....§...#,*,,,*,,,,,
,,,,#.....##.%...s...##,,,,*,,,,,
,,,,#.....#....s♣.....#,,,,*,,,,,
,,,,#.....##..8Msz...##,,,,*,,,,,
,,,<#....#M#8§[8..2..#,*,,,*,,,,,
,,,,#....#.8#8.3....#..#,,,*,,,,,
,,,,#....#..#M......#,.#,,,*,,,,,
,,,,#..8#....#.....#..,.*,,*,,,,,
,,,,#..§#3....#...#....,*,,*,,,,,
,,,,#.s§#8.....###M....,*,,*,,,,<
*+**#.s§#M4....$.,:%..,,*,,***+**


You could see 2 greater mummies, 2 emperor scorpions, a reaper, a skeletal
warrior, a guardian mummy, 5 ushabtiu, a smoke demon and a death scarab.

Vanquished Creatures
  the Royal Jelly (Slime:5)
  Asmodeus (Geh:7)
  Antaeus (Coc:7)
  Ereshkigal (Tar:7)
  the Serpent of Hell (Coc:7)
  Dispater (Dis:7)
  4 ancient liches
  Mara (Crypt:3)
  A juggernaut (Depths:5)
  3 greater mummies
  Sojobo (Tomb:1)
  A shard shrike (shapeshifter) (Depths:4)
  13 shard shrikes
  Saint Roka (Vaults:1)
  3 caustic shrikes (Depths:5)
  4 curse toes
  Geryon (Hell)
  17 golden dragons
  Jory (Crypt:2)
  9 bone dragons
  6 doom hounds
  7 Tzitzimimeh
  18 Brimstone Fiends
  9 liches
  18 Ice Fiends
  2 iron giants
  5 Hell Sentinels (Dis:7)
  4 electric golems
  19 tentacled monstrosities
  4 titans
  2 deep elf master archers (Elf:3)
  Asterion (Snake:4)
  An eldritch tentacle (Geh:3)
  9 quicksilver dragons
  8 tentacled starspawn
  2 deep elf blademasters (Elf:3)
  12 acid blobs
  10 death cobs
  An Executioner (Dis:1)
  The ghost of ZorbaTHut the Brawler, an adept TrBe of Trog (Swamp:1)
  14 ancient champions
  11 sphinxes
  3 thorn hunters
  10 tengu reavers
  18 shadow dragons
  A draconian monk (Abyss:2)
  11 azure jellies
  Roxanne (Snake:2)
  An azure jelly (shapeshifter) (Vaults:5)
  3 revenants
  20 storm dragons
  17 fire giants
  12 nagarajas
  9 deep elf sorcerers
  3 draconian knights
  29 frost giants
  27 vault wardens
  3 ghost moths
  A ghost moth (shapeshifter) (D:12)
  5 draconian scorchers (Zot:1)
  9 iron dragons
  12 balrugs
  A cacodemon (Abyss:4)
  3 deep elf elementalists (Elf:3)
  2 curse skulls
  4 draconian annihilators
  An angel (Abyss:4)
  2 draconian shifters
  3 elemental wellsprings (Coc:7)
  3 draconian stormcallers
  19 stone giants
  52 very ugly things
  3 spriggan defenders
  9 ghouls
  50 reapers
  18 ironheart preservers
  2 ophanim
  7 green draconians
  8 war gargoyles
  9 vampire knights
  2 entropy weavers
  7 black draconians
  6 deep elf demonologists
  5 white draconians
  14 deep elf annihilators
  5 yellow draconians
  3 lorocyprocas
  5 purple draconians
  23 spark wasps
  3 dire elephants
  7 red draconians
  An orange crystal statue (WizLab)
  4 eidola
  9 death oozes
  3 green deaths
  A crystal guardian (Vaults:3)
  9 deep elf death magi
  11 mummy priests
  21 blizzard demons
  11 fire dragons
  5 jiangshi (Crypt:3)
  9 ettins
  15 great orbs of eyes
  7 deep elf high priests
  19 yaktaur captains
  8 quicksilver dragon zombies
  31 vault guards
  6 kraken zombies
  8 rakshasas
  A caustic shrike simulacrum (Depths:3)
  11 hydras
  37 ice dragons
  2 hell beasts
  6 quicksilver dragon skeletons
  14 naga warriors
  4 spriggan air magi
  6 ghost crabs
  A catoblepas (shapeshifter) (Vaults:5)
  10 anacondas
  18 ogre magi
  18 centaur warriors
  4 death knights
  6 death scarabs (Tomb:1)
  32 hell hogs
  11 dancing weapons
  14 alligators
  6 death yaks
  6 tengu warriors
  10 vampire magi
  21 deep troll shamans
  19 naga sharpshooters
  43 two-headed ogres
  16 deep troll earth magi
  7 spriggan berserkers
  5 thrashing horrors
  6 titan zombies
  21 sun demons
  2 shock serpents (Snake:1)
  14 deep elf knights
  Urug (Lair:1)
  35 hell knights
  8 orc high priests
  6 titan skeletons
  8 storm dragon zombies
  2 salamander mystics
  15 soul eaters
  11 wretched stars
  4 iron golems (Dis:7)
  A sixfirhy (Abyss:2)
  12 shadow wraiths
  A torturous demonspawn (Orc:2)
  4 golden dragon zombies
  4 storm dragon skeletons
  3 spatial maelstroms
  A sea snake (shapeshifter) (Vaults:5)
  3 quicksilver dragon simulacra
  17 iron trolls
  121 skeletal warriors
  A death drake (Tar:2)
  11 unseen horrors
  2 gelid demonspawn (Orc:2)
  7 swamp dragons
  39 deep trolls
  8 glowing orange brains
  A swamp dragon (shapeshifter) (Vaults:5)
  16 large abominations
  9 shadow demons
  18 flayed ghosts
  14 starcursed masses
  5 wizards
  5 golden dragon skeletons
  13 anaconda zombies
  6 shadow dragon zombies
  2 shambling mangroves
  11 naga ritualists
  18 phantasmal warriors
  17 deep elf archers
  20 orc knights
  4 anaconda skeletons
  3 iron dragon zombies
  21 ironbrand convokers
  14 necromancers
  5 wolf spider zombies
  80 deep elf magi
  50 ugly things
  5 wolf spiders
  2 shadow dragon skeletons
  4 shining eyes
  9 mana vipers
  2 cyclopes (shapeshifter) (Vaults:5)
  10 fire giant zombies
  3 frost giant zombies
  A shining eye (shapeshifter) (Vaults:5)
  2 manticores
  10 orc sorcerers
  7 stone giant zombies
  13 salamanders
  11 cyclopes
  6 frost giant skeletons
  7 iron dragon skeletons
  26 moths of wrath
  An elephant (shapeshifter) (Vaults:5)
  3 worldbinders
  7 dire elephant zombies
  4 shock serpent zombies
  44 elephants
  32 naga magi
  5 guardian serpents
  32 black mambas
  7 orange demons
  5 stone giant skeletons
  18 vault sentinels
  16 rust devils
  4 apocalypse crabs
  10 fire giant skeletons
  A spectral spriggan (Swamp:1)
  2 eyes of devastation (Slime:2)
  2 ice statues
  15 smoke demons
  12 molten gargoyles
  32 hellions
  4 gargoyles (D:13)
  5 titan simulacra (Coc:7)
  A torpor snail (shapeshifter) (D:13)
  12 spiny frogs
  A spiny frog (shapeshifter) (Elf:1)
  A pale draconian zombie (Crypt:2)
  7 dire elephant skeletons
  A rime drake (shapeshifter) (Depths:4)
  A minotaur zombie (Coc:3)
  5 centaur skeletons
  6 komodo dragons
  3 shock serpent skeletons
  5 storm dragon simulacra (Coc:7)
  2 emperor scorpion zombies
  5 rime drakes
  47 freezing wraiths
  67 yaktaurs
  A white draconian zombie (Dis:2)
  A black draconian skeleton (Geh:7)
  A catoblepas zombie (Geh:7)
  5 anaconda simulacra
  32 ice devils
  A golden dragon simulacrum (Coc:3)
  31 tormentors
  3 efreet
  17 hydra zombies
  7 tengu conjurers
  3 silent spectres
  6 trolls
  17 red devils
  6 ancient zymes
  4 harpy zombies
  4 hellwings
  11 guardian mummies
  A yellow draconian skeleton (Crypt:3)
  A catoblepas skeleton (Geh:2)
  A shadow dragon simulacrum (Vaults:3)
  12 raiju (Abyss:4)
  2 polar bears (shapeshifter)
  18 polar bears
  Prince Ribbit (Lair:1)
  10 ice dragon zombies
  4 fire dragon zombies
  90 slime creatures
  16 blink frogs
  25 hornets
  2 blink frogs (shapeshifter)
  11 hippogriffs
  14 tyrant leeches
  A satyr zombie (Crypt:2)
  A dream sheep (Lair:6)
  An iron dragon simulacrum (Crypt:3)
  21 bog bodies
  4 ettin zombies
  2 dream sheep (shapeshifter)
  7 harpy skeletons
  A spectral swamp dragon (Swamp:1)
  6 alligator zombies
  7 hydra skeletons
  7 ettin skeletons
  3 air elementals (Elf:3)
  A meliai zombie (D:14)
  4 black mamba zombies
  116 flying skulls
  8 fire dragon skeletons
  5 ynoxinuls
  A tarantella (Vaults:3)
  24 water elementals
  26 wraiths
  A spriggan (shapeshifter) (Vaults:3)
  3 alligator skeletons
  A tarantella (shapeshifter) (Vaults:1)
  3 centaur simulacra (D:14)
  6 ice dragon skeletons
  A satyr skeleton (Crypt:2)
  6 vampires
  31 shadows
  51 yaks
  17 spriggans
  A basilisk (Lair:5)
  7 wyverns
  4 hogs (D:7)
  A human (D:7)
  4 fire bats (Geh:2)
  5 golden eyes (Slime:3)
  A yak (shapeshifter) (Vaults:4)
  24 fire elementals
  A basilisk (shapeshifter) (D:15)
  7 chaos spawn
  4 hungry ghosts
  A redback simulacrum (D:14)
  4 neqoxecs (Abyss:4)
  18 vampire mosquitoes
  4 spatial vortices (Abyss:4)
  An infernal demonspawn zombie (Crypt:1)
  45 nagas
  A spectral spiny frog (Swamp:1)
  3 wargs
  13 insubstantial wisps (Swamp:2)
  11 swamp worms
  A soldier ant (D:15)
  An acid dragon (D:14)
  9 water moccasins
  6 porcupines
  An infernal demonspawn skeleton (Crypt:3)
  12 spiny frog zombies
  5 hydra simulacra (Coc:7)
  2 floating eyes
  A hornet zombie (D:7)
  2 black bears
  64 hell hounds
  43 orc warriors
  2 manticore zombies
  7 eyes of draining
  5 spiny frog skeletons
  5 swamp drakes
  9 phantoms
  A black bear (shapeshifter) (Vaults:5)
  2 sky beasts
  22 boggarts
  15 ice beasts
  An ice dragon simulacrum (Coc:3)
  20 necrophages
  5 snapping turtle zombies
  4 swamp dragon zombies
  44 ogres
  An ogre (shapeshifter) (Vaults:3)
  22 wolves
  27 centaurs
  A swamp dragon skeleton (Geh:6)
  4 snapping turtle skeletons
  A hog skeleton (Crypt:1)
  2 spriggan simulacra (Swamp:1)
  15 crocodiles
  A tyrant leech simulacrum (Swamp:1)
  23 bullfrogs
  A big kobold (D:11)
  5 earth elementals
  A wyvern zombie (Crypt:2)
  A komodo dragon skeleton (Crypt:1)
  A spiny frog simulacrum (Swamp:1)
  A water moccasin zombie (D:8)
  9 small abominations
  A raiju zombie (Crypt:1)
  A killer bee (D:11)
  A swamp dragon simulacrum (Swamp:1)
  A blink frog simulacrum (Swamp:1)
  61 wights
  A troll skeleton (Tar:6)
  A raiju skeleton (Crypt:2)
  A spriggan skeleton (Geh:2)
  4 electric eels
  3 howler monkeys
  20 crimson imps
  3 centaur zombies
  4 hounds
  A quasit (Abyss:4)
  3 bullfrog zombies
  A wyvern simulacrum (D:14)
  5 bullfrog skeletons
  31 orc priests
  11 iron imps
  26 orc wizards
  Crazy Yiuf (D:6)
  A gnoll shaman (D:6)
  2 iguanas
  4 jellies
  A lightning spire (Zot:3)
  6 hell rats
  9 worker ants
  A tengu zombie (Coc:7)
  A demigod skeleton (Crypt:1)
  2 ogre skeletons
  A naga skeleton (Tar:7)
  A human simulacrum (Coc:3)
  2 tengu skeletons
  21 mummies
  Robin (D:2)
  2 worker ant zombies (D:8)
  7 gnolls
  A howler monkey skeleton (D:8)
  4 river rats (D:9)
  13 adders
  15 shadow imps
  19 white imps
  6 ufetubi
  2 adder zombies
  An adder skeleton (D:9)
  2 worms
  7 dart slugs
  5 leopard geckos
  104 orcs
  5 ball pythons
  A bat skeleton (Crypt:3)
  9 giant cockroaches
  11 goblins
  13 hobgoblins
  17 jackals
  25 kobolds
  6 quokkas
  8 bats
  2 frilled lizards
  A goblin skeleton (D:4)
  2 goblin zombies (D:4)
  A hobgoblin skeleton (Crypt:3)
  2 hobgoblin zombies (D:4)
  3 kobold skeletons
  A kobold zombie (D:4)
  A leopard gecko zombie (D:6)
  An orc simulacrum (Crypt:3)
  An orc zombie (D:4)
  2 quokka skeletons
  7 rats
  A rat skeleton (Crypt:3)
  A rat zombie (Crypt:3)
  A river rat skeleton (Crypt:1)
  7 briar patches
  A fire vortex (Geh:7)
  3 fungi
  A plant (Lair:5)
  5 starspawn tentacles
  11 tentacles
4311 creatures vanquished.

Vanquished Creatures (collateral kills)
  An acid blob (Slime:5)
  Louise (Swamp:2)
  An elemental wellspring (Coc:7)
  A great orb of eyes (Vaults:3)
  A yaktaur captain (Vaults:3)
  2 ice dragons (Coc:7)
  4 hydras
  2 naga warriors (Snake:4)
  A centaur warrior (D:12)
  A naga sharpshooter (Snake:4)
  A shadow wraith (Tar:7)
  An iron troll (Dis:7)
  A swamp dragon (Abyss:5)
  A shadow dragon skeleton (Coc:7)
  A slime creature (D:12)
  An iron dragon skeleton (Coc:7)
  3 elephants (Lair:2)
  A naga mage (Snake:4)
  2 ice devils (Lair:6)
  A yaktaur (Vaults:3)
  An anaconda simulacrum (Coc:7)
  2 rime drakes (Lair:5)
  A polar bear (IceCv)
  A hornet (D:12)
  A blink frog (Lair:6)
  A wyvern (D:12)
  3 yaks (Lair:2)
  A naga (Snake:4)
  2 water moccasins (Lair:6)
  A hell hound (Lair:6)
  An ogre (D:12)
  A wolf (Lair:2)
  A crocodile (Lair:5)
  A big kobold (D:12)
  A spiny frog simulacrum (Swamp:1)
  2 orc priests (D:12)
  An orc wizard (D:12)
  A worker ant (D:12)
  An iguana (D:12)
  2 orcs (D:12)
  A goblin (D:12)
  5 kobolds (D:12)
  A leopard gecko skeleton (Crypt:3)
61 creatures vanquished.

Vanquished Creatures (others)
  An elemental wellspring (Coc:6)
  A blizzard demon (Coc:7)
  29 death scarabs (Tomb:2)
  A hell hog (Geh:2)
  An ugly thing (Swamp:4)
  A torpor snail (shapeshifter) (Vaults:5)
  A hellion (Geh:7)
  A hornet (Swamp:2)
  A slime creature (Swamp:2)
  A flying skull (Coc:3)
  A shadow (Geh:2)
  A spriggan (Swamp:2)
  A chaos spawn (Abyss:4)
  A neqoxec (Abyss:4)
  A necrophage (Tar:4)
  A big kobold (D:8)
  4 wights
  A human simulacrum (Vaults:3)
  An orc wizard (D:8)
  A mummy (Tomb:2)
  A briar patch (Swamp:3)
  24 fungi
  4 lurking horrors
  7 plants
  13 starspawn tentacles
  30 tentacles
130 creatures vanquished.

Grand Total: 4502 creatures vanquished

Notes
Turn   | Place    | Note
-------+----------+-------------------------------------------
     0 | D:1      | Kniotic the Minotaur Berserker began the quest for the Orb.
     0 | D:1      | Reached XP level 1. HP: 19/19 MP: 0/0
   191 | D:1      | Reached XP level 2. HP: 23/26 MP: 1/1
   579 | D:1      | Reached skill level 5 in Axes
   625 | D:1      | Reached XP level 3. HP: 21/31 MP: 2/2
   894 | D:1      | Reached ** piety under Trog
  1318 | D:2      | Reached XP level 4. HP: 33/39 MP: 3/3
  1561 | D:2      | Noticed Robin
  1572 | D:2      | Killed Robin
  1607 | D:2      | Reached *** piety under Trog
  2075 | D:3      | Reached XP level 5. HP: 41/45 MP: 4/4
  2565 | D:3      | Reached XP level 6. HP: 51/51 MP: 5/5
  3047 | D:4      | Reached **** piety under Trog
  3340 | D:4      | Found a snail-covered altar of Cheibriados.
  3702 | D:4      | Reached XP level 7. HP: 55/57 MP: 6/6
  3753 | D:4      | Found a glowing golden altar of the Shining One.
  3802 | D:4      | Reached skill level 10 in Axes
  3924 | D:5      | Entered Level 5 of the Dungeon
  4123 | D:5      | Found a basalt altar of Yredelemnul.
  4152 | D:5      | Found an iron altar of Okawaru.
  4749 | D:6      | Reached XP level 8. HP: 57/64 MP: 7/7
  5116 | D:6      | Found Roannys's Book Boutique.
  5356 | D:6      | Found a runed door.
  5473 | D:6      | Noticed Crazy Yiuf
  5482 | D:6      | Killed Crazy Yiuf
  5551 | D:7      | Found a hide-covered altar of Uskayaw.
  5841 | D:7      | Reached XP level 9. HP: 70/70 MP: 8/8
  5877 | D:7      | Found a staircase to the Ecumenical Temple.
  5903 | D:7      | Reached ***** piety under Trog
  6005 | D:7      | Found a flagged portal.
  6020 | Bailey   | Entered a bailey
  6020 | Bailey   | Noticed an orc knight
  6164 | D:7      | Reached skill level 15 in Axes
  7159 | D:8      | Found a shimmering altar of Xom.
  7160 | D:8      | Found the +7 mace of Variability {chain chaos}
  7163 | D:8      | Reached XP level 10. HP: 68/80 MP: 9/9
  7239 | D:8      | Reached skill level 5 in Fighting
  7674 | D:9      | Noticed a death yak
  7892 | D:9      | Found a runed gate.
  7892 | D:9      | Found a runed gate.
  7892 | D:9      | Found a runed gate.
  7978 | D:9      | Noticed a death yak
  7978 | D:9      | Noticed a death yak
  8119 | D:8      | Killed a death yak
  8119 | D:8      | Reached skill level 5 in Armour
  8376 | D:9      | Killed a death yak
  8384 | D:9      | Killed a death yak
  8491 | D:9      | Found a staircase to the Lair.
  8821 | D:9      | Found a blossoming altar of Fedhas.
  9024 | D:9      | Noticed purrlore's ghost (novice HuBe)
  9315 | D:10     | Entered Level 10 of the Dungeon
  9694 | D:10     | Received a gift from Trog
  9792 | D:10     | Reached XP level 11. HP: 59/95 MP: 10/10
  9972 | D:10     | Killed an unseen horror
 10327 | D:11     | Found Upapleon's Assorted Antiques.
 10334 | D:11     | Bought a scroll of identify for 40 gold pieces
 10334 | D:11     | Bought a scroll of identify for 40 gold pieces
 10334 | D:11     | Bought a scroll of identify for 40 gold pieces
 10334 | D:11     | Bought a potion of heal wounds for 100 gold pieces
 10436 | D:11     | Found Jaunous's Magic Scroll Shoppe.
 10444 | D:11     | Bought a scroll of identify for 36 gold pieces
 10444 | D:11     | Bought a scroll of identify for 36 gold pieces
 10569 | D:11     | Found Kumerghu's Armour Shoppe.
 10582 | D:11     | Found Hijig's Food Shoppe.
 10640 | D:11     | Paralysed by a hornet for 2 turns
 11480 | D:11     | Killed an unseen horror
 11480 | D:11     | Reached skill level 10 in Fighting
 12150 | D:12     | Reached skill level 10 in Armour
 12178 | D:12     | Noticed a five-headed hydra
 12325 | Lair:1   | Entered Level 1 of the Lair of Beasts
 12577 | Lair:1   | Noticed Urug
 12585 | Lair:1   | Killed Urug
 12662 | Lair:1   | Noticed Prince Ribbit
 13022 | Lair:1   | Killed Prince Ribbit
 14007 | Lair:2   | Reached XP level 12. HP: 103/112 MP: 11/11
 14355 | Lair:2   | Received a gift from Trog
 14419 | Lair:2   | Noticed a seven-headed hydra
 14427 | Lair:2   | Killed a seven-headed hydra
 14725 | Lair:2   | Reached XP level 13. HP: 46/125 MP: 4/12
 14989 | Lair:2   | Noticed a dire elephant
 15009 | Lair:2   | Killed a dire elephant
 16100 | Lair:3   | Reached skill level 15 in Fighting
 16238 | Lair:4   | Reached skill level 15 in Armour
 16341 | Lair:4   | Found a staircase to the Snake Pit.
 16660 | Lair:4   | Found a staircase to the Swamp.
 16889 | Lair:5   | Noticed a dire elephant
 16897 | Lair:5   | Killed a dire elephant
 16907 | Lair:5   | Got a jewelled flail
 16982 | Lair:5   | Found a viscous altar of Jiyva.
 16983 | Lair:5   | Found a staircase to the Slime Pits.
 17103 | Lair:5   | Found a frozen archway.
 17124 | IceCv    | Entered an ice cave
 17349 | IceCv    | Received a gift from Trog
 17538 | IceCv    | Reached ****** piety under Trog
 17552 | IceCv    | Reached XP level 14. HP: 134/137 MP: 4/13
 18022 | IceCv    | Noticed a frost giant
 18029 | IceCv    | Killed a frost giant
 19074 | Lair:6   | Entered Level 6 of the Lair of Beasts
 19825 | Lair:6   | Received a gift from Trog
 21508 | Lair:6   | Found a burning altar of Makhleb.
 21522 | Lair:6   | Found a gateway to Hell.
 22565 | Lair:4   | Got a distressingly furry chain mail
 22660 | D:12     | Found a staircase to the Orcish Mines.
 23182 | D:13     | Reached XP level 15. HP: 144/144 MP: 4/14
 23503 | D:13     | Received a gift from Trog
 23529 | D:12     | Killed a ghost moth
 24877 | D:13     | Found a gate to the Vaults.
 25641 | D:14     | Identified the +11 chain mail of the Postmodern Allies
                  | {rElec Str-2 Int+2} (You found it on level 4 of the Lair of
                  | Beasts)
 25731 | D:14     | Found a hide-covered altar of Uskayaw.
 26025 | D:15     | Entered Level 15 of the Dungeon
 26273 | D:15     | Found an iron altar of Okawaru.
 26622 | D:15     | Found a staircase to the Depths.
 26622 | D:15     | Noticed a frost giant
 26628 | D:15     | Killed a frost giant
 27060 | Orc:1    | Entered Level 1 of the Orcish Mines
 27303 | Orc:2    | Entered Level 2 of the Orcish Mines
 27606 | Orc:2    | Found Situkipn's Magic Scroll Emporium.
 27607 | Orc:2    | Found Pyitaf's Distillery.
 28287 | Orc:2    | Found a staircase to the Elven Halls.
 28353 | Orc:2    | Found a roughly hewn altar of Beogh.
 28622 | Orc:2    | Received a gift from Trog
 28717 | Orc:2    | Reached XP level 16. HP: 148/151 MP: 5/15
 29676 | Orc:2    | Found Ickery's Antique Armour Shop.
 29676 | Orc:2    | Found Hiyrauq's Gadget Boutique.
 29677 | Orc:2    | Found a one-way gate leading to the halls of Pandemonium.
 29950 | Swamp:1  | Entered Level 1 of the Swamp
 29996 | Swamp:1  | Received a gift from Trog
 30846 | Swamp:1  | Found a runed gate.
 30847 | Swamp:1  | Found a runed gate.
 30848 | Swamp:1  | Found a runed gate.
 30848 | Swamp:1  | Noticed ZorbaTHut's ghost (adept TrBe)
 30888 | Swamp:1  | Killed ZorbaTHut's ghost
 30921 | Swamp:1  | Got a pair of slimy boots
 31705 | Swamp:2  | Identified the cursed +0 pair of boots "Koupp" {*Slow rPois
                  | rC- Dex+8} (You found it on level 1 of the Swamp)
 31837 | Swamp:2  | Noticed Louise
 31845 | Swamp:2  | Killed Louise
 32629 | Swamp:3  | Noticed a thorn hunter
 32634 | Swamp:3  | Killed a thorn hunter
 32697 | Swamp:3  | Received a gift from Trog
 33146 | Swamp:3  | Reached XP level 17. HP: 125/158 MP: 16/16
 34063 | Swamp:4  | Entered Level 4 of the Swamp
 34744 | Swamp:3  | Identified a scroll of acquirement
 36011 | Swamp:4  | Received a gift from Trog
 36379 | Swamp:4  | Got a decaying rune of Zot
 36650 | Snake:1  | Entered Level 1 of the Snake Pit
 36918 | Snake:1  | Reached skill level 27 in Axes
 37625 | Snake:1  | Received a gift from Trog
 38207 | Snake:2  | Noticed Roxanne
 38388 | Snake:2  | Reached XP level 18. HP: 160/168 MP: 17/17
 39052 | Snake:2  | Killed Roxanne
 39053 | Snake:2  | Identified Roxanne's Catalogue of Clay (You took it off
                  | Roxanne on level 2 of the Snake Pit)
 39561 | Snake:3  | Found an ornate altar of the Wu Jian Council.
 39593 | Snake:3  | Received a gift from Trog
 40548 | Snake:4  | Entered Level 4 of the Snake Pit
 40694 | Snake:4  | Found Gulali's Book Emporium.
 40824 | Snake:4  | Found a runed gate.
 40824 | Snake:4  | Found a runed gate.
 40824 | Snake:4  | Found a runed gate.
 40827 | Snake:4  | Noticed Dommiel19's ghost (adept MiBe)
 41183 | Snake:4  | Noticed Asterion
 41196 | Snake:4  | Killed Asterion
 41406 | Snake:4  | Received a gift from Trog
 42225 | Snake:4  | Got a serpentine rune of Zot
 42405 | Snake:3  | Got a jewelled executioner's axe {god gift}
 42408 | Snake:3  | Got an ancient hand axe {speed}
 42631 | Orc:2    | Bought a scroll of identify for 34 gold pieces
 42631 | Orc:2    | Bought a scroll of identify for 34 gold pieces
 42631 | Orc:2    | Bought 2 scrolls of identify for 68 gold pieces
 42631 | Orc:2    | Identified the +9 executioner's axe of Trog's Indignation
                  | {freeze, rF+ MR+ Dex+3} (Trog gifted it to you on level 3
                  | of the Snake Pit)
 42632 | Orc:2    | Identified the +2 hand axe of the Seven Emperors {speed,
                  | rElec MR- MP-9 Str+9} (You took it off a naga mage on level
                  | 3 of the Snake Pit)
 42765 | Vaults:1 | Entered Level 1 of the Vaults
 42781 | Vaults:1 | Reached XP level 19. HP: 170/182 MP: 18/18
 43107 | Vaults:1 | Received a gift from Trog
 43386 | Vaults:1 | Got a faintly humming chain mail
 43388 | Vaults:1 | Identified the cursed +1 chain mail of Huiqaom {rPois
                  | Str+4} (You found it on level 1 of the Vaults)
 43758 | Vaults:1 | Noticed Saint Roka
 43770 | Vaults:1 | Killed Saint Roka
 44239 | Vaults:1 | Received a gift from Trog
 45263 | Vaults:2 | Received a gift from Trog
 45614 | Vaults:2 | Reached XP level 20. HP: 90/195 MP: 19/19
 46044 | Vaults:2 | Received a gift from Trog
 46973 | Vaults:2 | Found Esaschush's Magic Scroll Shoppe.
 47104 | Vaults:3 | Found Zomuoraell's Jewellery Shop.
 47115 | Vaults:3 | Bought the ring of Obsession {rF+ Dex+3 Slay+3} for 1240
                  | gold pieces
 47115 | Vaults:3 | Bought the ring of Hyjym {Fire MR+ Dex+5 SInv} for 993 gold
                  | pieces
 47283 | Vaults:3 | Received a gift from Trog
 48334 | Vaults:3 | Found a staircase to the Crypt.
 48593 | Vaults:3 | Received a gift from Trog
 48956 | Vaults:3 | Found a portal to a secret trove of treasure.
 49238 | Vaults:3 | Reached XP level 21. HP: 159/209 MP: 20/20
 49892 | Vaults:4 | Received a gift from Trog
 51072 | Vaults:4 | Received a gift from Trog
 51385 | Vaults:5 | Entered Level 5 of the Vaults
 52621 | Vaults:5 | Reached XP level 22. HP: 145/223 MP: 21/21
 52988 | Vaults:5 | Received a gift from Trog
 54101 | Vaults:5 | Got a silver rune of Zot
 54109 | Vaults:5 | Identified The Intricacies of Spellweaving
 55643 | Snake:4  | Got a shimmering plate armour
 55645 | Snake:4  | Identified the +2 plate armour of Culax {Str+2} (You found
                  | it on level 4 of the Snake Pit)
 55906 | Elf:1    | Entered Level 1 of the Elven Halls
 55928 | Elf:1    | Found a radiant altar of Vehumet.
 55940 | Elf:1    | Received a gift from Trog
 56237 | Elf:1    | Received a gift from Trog
 56402 | Elf:1    | Found a flickering gateway to a bazaar.
 56413 | Bazaar   | Entered a bazaar
 56413 | Bazaar   | Found Itialurph's Gadget Shoppe.
 56413 | Bazaar   | Found Ziulum's Book Emporium.
 56414 | Bazaar   | Found Mekh's General Store.
 56414 | Bazaar   | Found Zokkef's Weapon Emporium.
 56485 | Bazaar   | Bought a scroll of teleportation for 36 gold pieces
 56485 | Bazaar   | Bought a potion of haste for 120 gold pieces
 57300 | Elf:2    | Reached XP level 23. HP: 230/236 MP: 22/22
 57309 | Elf:2    | Received a gift from Trog
 57567 | Elf:2    | Found an ancient bone altar of Kikubaaqudgha.
 57629 | Elf:2    | Found a runed gate.
 57629 | Elf:2    | Found a runed gate.
 57630 | Elf:2    | Found a runed gate.
 57678 | Elf:3    | Entered Level 3 of the Elven Halls
 57680 | Elf:3    | Found a magical portal.
 57716 | WizLab   | Entered Wucad Mu's Monastery
 57895 | WizLab   | Found the +9 staff of Wucad Mu {channel}
 58176 | Elf:3    | Lost intelligence.
 58233 | Elf:3    | Lost intelligence.
 58471 | Elf:3    | Received a gift from Trog
 58518 | Elf:3    | Found Qeox's Armour Shop.
 58850 | Elf:3    | Found Cecver's Antique Weapon Boutique.
 59316 | Elf:3    | Received a gift from Trog
 60089 | Elf:3    | Reached skill level 27 in Armour
 60153 | Elf:3    | Received a gift from Trog
 60226 | Elf:3    | Got a shimmering war axe
 60228 | Elf:3    | Identified the cursed +0 war axe of Dividends {venom, rPois
                  | rC+ MR+} (You found it on level 3 of the Elven Halls)
 60246 | Elf:3    | Identified Wathrydat's Volume of Ashen Transformation
 60556 | Depths:1 | Entered Level 1 of the Depths
 60782 | Depths:1 | Reached XP level 24. HP: 247/247 MP: 22/22
 60897 | Depths:1 | Reached skill level 27 in Fighting
 60905 | Depths:1 | Reached skill level 5 in Dodging
 61026 | Depths:1 | Found a runed door.
 61243 | Depths:1 | Received a gift from Trog
 61703 | Vaults:3 | You paid a toll of +4 shadow dragon scales to enter a
                  | treasure trove
 61704 | Trove    | Entered a treasure trove
 61730 | Trove    | Got a polished hat
 61733 | Trove    | Got a glittering bone amulet
 61744 | Trove    | Identified the -2 hat "Bizesch" {rPois rF- Dex+8 Stlth-}
                  | (You found it in a treasure trove)
 61745 | Trove    | Identified the amulet of Qazlal's Delight {+Rage rPois}
                  | (You found it in a treasure trove)
 61747 | Trove    | Identified the ring of Boribal {+Fly rC+ Int+5} (You found
                  | it in a treasure trove)
 62038 | Depths:1 | Found a radiant altar of Vehumet.
 62038 | Depths:1 | Noticed an ancient lich
 62052 | Depths:1 | Killed an ancient lich
 62497 | Depths:2 | Reached skill level 10 in Dodging
 62612 | Depths:2 | Reached XP level 25. HP: 181/257 MP: 22/22
 63068 | Depths:2 | Received a gift from Trog
 63184 | Depths:2 | Found the +18 shield of the Gong {rElec rN+ MR+ EV-5}
 63619 | Depths:2 | Received a gift from Trog
 64176 | Depths:3 | Reached skill level 15 in Dodging
 64225 | Depths:3 | Paralysed by a floating eye for 2 turns
 64352 | Depths:3 | Received a gift from Trog
 64566 | Depths:3 | Cast into level 3 of the Abyss (a deep elf sorcerer)
 64593 | Depths:3 | Escaped the Abyss
 65035 | Depths:3 | Received a gift from Trog
 65478 | Depths:4 | Reached XP level 26. HP: 227/266 MP: 19/22
 65564 | Depths:4 | Found a gateway to a ziggurat.
 65730 | Depths:4 | Received a gift from Trog
 66185 | Depths:4 | Received a gift from Trog
 66259 | Depths:4 | Found the macabre finger necklace {rN+}
 66287 | Depths:4 | Identified the +10 broad axe of Vekymir {venom, Int+2} (You
                  | found it on level 4 of the Depths)
 66396 | Depths:4 | Found a one-way gate to the infinite horrors of the Abyss.
 66570 | Depths:4 | Noticed a juggernaut
 66570 | Depths:4 | a titan changed into a juggernaut
 66574 | Depths:4 | a juggernaut changed into a shard shrike
 66832 | Depths:5 | Entered Level 5 of the Depths
 66991 | Depths:5 | Received a gift from Trog
 67183 | Depths:5 | Noticed a juggernaut
 67197 | Depths:5 | Killed a juggernaut
 67460 | Depths:5 | Found a gate to the Realm of Zot.
 67481 | Depths:5 | Reached XP level 27. HP: 252/273 MP: 22/22
 67683 | Depths:5 | Received a gift from Trog
 68377 | Slime:1  | Entered Level 1 of the Pits of Slime
 68380 | Slime:1  | Received a gift from Trog
 68396 | Slime:1  | You fall through a shaft!
 68760 | Slime:4  | Gained mutation: You are dopey. (Int -2) [a shining eye]
 68822 | Slime:5  | Entered Level 5 of the Pits of Slime
 68855 | Slime:5  | Gained mutation: You are weak. (Str -2) [a shining eye]
 69426 | Slime:4  | Received a gift from Trog
 69584 | Slime:5  | Noticed the Royal Jelly
 69586 | Slime:5  | Found a viscous altar of Jiyva.
 69596 | Slime:5  | Killed the Royal Jelly
 69769 | Slime:5  | Identified the Collected Works on Warped Confrontation
 69839 | Slime:5  | Got a slimy rune of Zot
 70219 | Crypt:1  | Entered Level 1 of the Crypt
 70879 | Crypt:2  | Found a runed door.
 70881 | Crypt:2  | Found a shimmering altar of Xom.
 70881 | Crypt:2  | Noticed Adoman's ghost (veteran MiBe)
 70926 | Crypt:2  | Noticed Jory
 70937 | Crypt:2  | Killed Jory
 71134 | Crypt:2  | Got an ancient hat
 71135 | Crypt:2  | Identified the +0 hat "Trusted Companion" {rElec rPois
                  | Int+6 Dex-2} (You acquired it on level 2 of the Crypt)
 71187 | Crypt:2  | Found an ancient bone altar of Kikubaaqudgha.
 71192 | Crypt:2  | Received a gift from Trog
 71477 | Crypt:3  | Entered Level 3 of the Crypt
 71557 | Crypt:3  | Found a staircase to the Tomb.
 72328 | Crypt:3  | Noticed Mara
 72342 | Crypt:3  | Noticed Kniotic's illusion
 72348 | Crypt:3  | Killed Mara
 72454 | Crypt:2  | Received a gift from Trog
 72457 | Crypt:2  | Got an ancient battleaxe {god gift}
 72485 | Crypt:2  | Identified the +10 battleaxe "Wotente" {freeze, Str+5
                  | Dex+2} (Trog gifted it to you on level 2 of the Crypt)
 72667 | Crypt:3  | Reached skill level 27 in Dodging
 72675 | Crypt:3  | Reached skill level 1 in Shields
 72761 | Crypt:3  | Noticed an ancient lich
 72764 | Crypt:3  | Found an ancient bone altar of Kikubaaqudgha.
 72774 | Crypt:3  | Killed an ancient lich
 72774 | Crypt:3  | Reached skill level 5 in Shields
 73082 | Crypt:3  | Found a basalt altar of Yredelemnul.
 73388 | Tomb:1   | Entered Level 1 of the Tomb of the Ancients
 73794 | Hell     | Entered the Vestibule of Hell
 73794 | Hell     | Noticed Geryon
 73806 | Hell     | Killed Geryon
 74178 | Depths:1 | Received a gift from Trog
 74358 | Hell     | Reached skill level 10 in Shields
 74541 | Hell     | Received a gift from Trog
 74739 | Hell     | Found a gateway to the decaying netherworld of Tartarus.
 74932 | Hell     | Found a gateway to the freezing wastes of Cocytus.
 74970 | Hell     | Found a gateway to the Iron City of Dis.
 75046 | Hell     | Found a gateway to the ashen valley of Gehenna.
 75557 | Hell     | Lost mutation: You are weak. (Str -2) [potion of mutation]
 75557 | Hell     | Gained mutation: You passively map a small area around you.
                  | [potion of mutation]
 75557 | Hell     | Gained mutation: You have an increased reservoir of magic.
                  | (+10% MP) [potion of mutation]
 75598 | Geh:1    | Entered Level 1 of Gehenna
 76069 | Geh:1    | Received a gift from Trog
 76088 | Geh:2    | Reached skill level 15 in Shields
 76119 | Geh:2    | Received a gift from Trog
 76665 | Geh:4    | Received a gift from Trog
 77078 | Geh:7    | Entered Level 7 of Gehenna
 77116 | Geh:7    | Received a gift from Trog
 77822 | Geh:1    | Received a gift from Trog
 78175 | Geh:7    | Received a gift from Trog
 78448 | Geh:7    | Received a gift from Trog
 78483 | Geh:7    | Got a slimy hand axe {god gift}
 78512 | Geh:7    | Identified the cursed +1 executioner's axe "Jairu" {chop,
                  | *Noise +Blink MR+ Int+9} (You found it on level 7 of
                  | Gehenna)
 78520 | Geh:7    | Identified the +9 hand axe of Abuse {elec, rPois Int+4}
                  | (Trog gifted it to you on level 7 of Gehenna)
 78778 | Geh:7    | Noticed Asmodeus
 78795 | Geh:7    | Killed Asmodeus
 78821 | Geh:7    | Got an obsidian rune of Zot
 78825 | Geh:7    | Identified the +8 halberd of Kem Puext {chop, rF+ Int+2
                  | Dex-5} (You found it on level 7 of Gehenna)
 79456 | Coc:1    | Entered Level 1 of Cocytus
 79685 | Coc:3    | Received a gift from Trog
 80781 | Coc:3    | Received a gift from Trog
 81634 | Coc:6    | Received a gift from Trog
 81658 | Coc:7    | Entered Level 7 of Cocytus
 81834 | Coc:7    | Noticed the Serpent of Hell
 81871 | Coc:7    | Killed the Serpent of Hell
 82209 | Coc:2    | You fall through a shaft for 2 floors!
 82982 | Coc:5    | You fall through a shaft!
 83447 | Coc:7    | Received a gift from Trog
 83450 | Coc:7    | Reached skill level 27 in Shields
 83450 | Coc:7    | Reached skill level 1 in Evocations
 83795 | Coc:7    | Reached skill level 5 in Evocations
 83899 | Coc:7    | Received a gift from Trog
 84430 | Coc:7    | Reached skill level 10 in Evocations
 84515 | Coc:7    | Noticed Antaeus
 84537 | Coc:7    | Killed Antaeus
 84572 | Coc:7    | Got an ancient golden ring
 84574 | Coc:7    | Identified the ring of Kakk {Ice rPois rN+ Int-3} (You
                  | found it on level 7 of Cocytus)
 84576 | Coc:7    | Got an icy rune of Zot
 85098 | Dis:1    | Entered Level 1 of the Iron City of Dis
 85226 | Dis:1    | Received a gift from Trog
 86499 | Zot:1    | Entered Level 1 of the Realm of Zot
 87711 | Zot:2    | Reached skill level 15 in Evocations
 88794 | Zot:3    | Received a gift from Trog
 90510 | Zot:5    | Entered Level 5 of the Realm of Zot
 91255 | Dis:6    | Received a gift from Trog
 92024 | Dis:7    | Entered Level 7 of the Iron City of Dis
 92607 | Dis:7    | Noticed Dispater
 92630 | Dis:7    | Killed Dispater
 92671 | Dis:7    | Got an iron rune of Zot
 92845 | Tar:1    | Entered Level 1 of Tartarus
 92865 | Tar:1    | Received a gift from Trog
 93764 | Tar:6    | Received a gift from Trog
 94349 | Tar:7    | Entered Level 7 of Tartarus
 94714 | Tar:7    | Noticed Ereshkigal
 94721 | Tar:7    | Received a gift from Trog
 94742 | Tar:7    | Killed Ereshkigal
 94829 | Tar:7    | Got a bone rune of Zot
 95325 | Depths:4 | Voluntarily entered the Abyss.
 95325 | Abyss:1  | Found a hide-covered altar of Uskayaw.
 95402 | Abyss:1  | Found a hide-covered altar of Uskayaw.
 95802 | Abyss:4  | Found a corrupted altar of Lugonu.
 95805 | Abyss:4  | Found a runed door.
 95899 | Abyss:4  | Received a gift from Trog
 96168 | Abyss:4  | Gained mutation: You are clumsy. (Dex -2) [a neqoxec]
 96248 | Abyss:4  | Gained mutation: You do not regenerate when monsters are
                  | visible. [a neqoxec]
 96374 | Abyss:4  | Received a gift from Trog
 96461 | Abyss:5  | Entered Level 5 of the Abyss
 96745 | Abyss:5  | Got an abyssal rune of Zot
 96755 | Depths:4 | Escaped the Abyss
 96828 | Depths:4 | Lost mutation: You are dopey. (Int -2) [potion of mutation]
 96828 | Depths:4 | Lost mutation: You do not regenerate when monsters are
                  | visible. [potion of mutation]
 96828 | Depths:4 | Lost mutation: You are clumsy. (Dex -2) [potion of
                  | mutation]
 96828 | Depths:4 | Gained mutation: You have a considerably increased
                  | reservoir of magic. (+20% MP) [potion of mutation]
 96828 | Depths:4 | Lost mutation: You have a considerably increased reservoir
                  | of magic. (+20% MP) [potion of mutation]
 96828 | Depths:4 | Gained mutation: Your muscles are strong. (Str +2) [potion
                  | of mutation]
 97396 | Tomb:1   | Noticed Sojobo
 97425 | Tomb:1   | Killed Sojobo
 97761 | Tomb:1   | Noticed a greater mummy
 97770 | Tomb:1   | Noticed a greater mummy
 97772 | Tomb:1   | Killed a greater mummy
 97774 | Tomb:1   | Noticed an ancient lich
 97809 | Tomb:1   | Killed a greater mummy
 97813 | Tomb:1   | Killed an ancient lich
 98577 | Tomb:1   | Got a bound iron amulet
 98581 | Tomb:1   | Identified the amulet of Orhiapp {+Rage MR+ Str+5} (You
                  | found it on level 1 of the Tomb of the Ancients)
 98706 | Tomb:2   | Noticed a greater mummy
 98712 | Tomb:2   | Gained mutation: You do not regenerate when monsters are
                  | visible. [a neqoxec]
 98714 | Tomb:2   | Gained mutation: You are dopey. (Int -2) [a neqoxec]
 98720 | Tomb:2   | Noticed a greater mummy
 99104 | Tomb:1   | Lost mutation: You are dopey. (Int -2) [potion of mutation]
 99104 | Tomb:1   | Lost mutation: Your muscles are strong. (Str +2) [potion of
                  | mutation]
 99104 | Tomb:1   | Lost mutation: You passively map a small area around you.
                  | [potion of mutation]
 99104 | Tomb:1   | Gained mutation: Armour fits poorly on your strangely
                  | shaped body. [potion of mutation]
 99104 | Tomb:1   | Gained mutation: You possess an exceptional clarity of
                  | mind. [potion of mutation]
 99104 | Tomb:1   | Gained mutation: You can translocate small distances at
                  | will. [potion of mutation]
 99105 | Tomb:1   | Lost mutation: You possess an exceptional clarity of mind.
                  | [potion of mutation]
 99105 | Tomb:1   | Lost mutation: Armour fits poorly on your strangely shaped
                  | body. [potion of mutation]
 99105 | Tomb:1   | Gained mutation: You passively map a small area around you.
                  | [potion of mutation]
 99105 | Tomb:1   | Gained mutation: Scrolls take you a little longer to read.
                  | [potion of mutation]
 99105 | Tomb:1   | Gained mutation: You are robust. (+10% HP) [potion of
                  | mutation]
 99106 | Tomb:1   | Lost mutation: You passively map a small area around you.
                  | [potion of mutation]
 99106 | Tomb:1   | Lost mutation: You do not regenerate when monsters are
                  | visible. [potion of mutation]
 99106 | Tomb:1   | Gained mutation: Armour fits poorly on your strangely
                  | shaped body. [potion of mutation]
 99106 | Tomb:1   | Gained mutation: Scrolls take you longer to read. [potion
                  | of mutation]
 99106 | Tomb:1   | Gained mutation: You are occasionally teleported next to
                  | monsters. [potion of mutation]
 99106 | Tomb:1   | Gained mutation: You expend magic power (3 MP) to
                  | strengthen your wands. [potion of mutation]
 99107 | Tomb:1   | Lost mutation: You expend magic power (3 MP) to strengthen
                  | your wands. [potion of mutation]
 99107 | Tomb:1   | Lost mutation: Scrolls take you longer to read. [potion of
                  | mutation]
 99107 | Tomb:1   | Gained mutation: You tend to lose your temper in combat.
                  | [potion of mutation]
 99107 | Tomb:1   | Gained mutation: Your muscles are strong. (Str +2) [potion
                  | of mutation]
 99108 | Tomb:1   | Lost mutation: Scrolls take you a little longer to read.
                  | [potion of mutation]
 99108 | Tomb:1   | Lost mutation: You have an increased reservoir of magic.
                  | (+10% MP) [potion of mutation]
 99108 | Tomb:1   | Lost mutation: Armour fits poorly on your strangely shaped
                  | body. [potion of mutation]
 99108 | Tomb:1   | Lost mutation: You can translocate small distances at will.
                  | [potion of mutation]
 99108 | Tomb:1   | Gained mutation: You occasionally shout uncontrollably at
                  | your foes. [potion of mutation]
 99108 | Tomb:1   | Gained mutation: You are partially covered in thin metallic
                  | scales. (AC +2) [potion of mutation]
 99347 | Tomb:2   | Noticed a greater mummy
 99347 | Tomb:2   | Noticed an ancient lich
 99352 | Tomb:2   | Killed an ancient lich
 99359 | Tomb:2   | Killed a greater mummy
 99378 | Tomb:2   | HP: 12/447 [reaper/scythe of protection[a mummy priest's
                  | death curse] (16)]
 99379 | Tomb:2   | HP: 5/448 [death scarab[a greater mummy] (5)]
 99380 | Tomb:2   | HP: 1/448 [death scarab[a greater mummy] (18)]
 99380 | Tomb:2   | Slain by a death scarab

Skill      XL: |  1  2  3  4  5  6  7  8  9 10 11 12 13 14 15 16 17 18 19 20 21 22 23 24 25 26 27 |
---------------+----------------------------------------------------------------------------------+-----
Axes           | 4 5 7 8 9 11 14 16 20 23 25 27 | 27.0
Fighting       | 4 8 12 14 16 19 20 22 24 25 26 27 | 27.0
Armour         | 3 8 11 14 16 19 20 22 24 25 27 | 27.0
Dodging        | 4 10 18 22 27 | 27.0
Shields        | 27 | 27.0
Evocations     | 26 | 26.3

Action                   |  1- 3 |  4- 6 |  7- 9 | 10-12 | 13-15 | 16-18 | 19-21 | 22-24 | 25-27 || total
-------------------------+-------+-------+-------+-------+-------+-------+-------+-------+-------++-------
Melee: Hand axe          |    78 |   186 |   349 |       |       |       |       |       |       ||   613
       Headbutt          |    12 |    40 |    74 |   142 |   287 |   291 |   235 |   247 |  1789 ||  3117
       War axe           |       |       |    13 |   542 |       |       |       |       |       ||   555
       Battleaxe         |       |       |       |    30 |   254 |       |       |       |       ||   284
       Executioner's axe |       |       |       |       |   863 |  1279 |   847 |   739 |  5227 ||  8955
Invok: Berserk           |       |       |     6 |     5 |    12 |    14 |     7 |     2 |    12 ||    58
       Trog's Hand       |       |       |     2 |     2 |     3 |     7 |     4 |     5 |   103 ||   126
       Brothers in Arms  |       |       |       |     2 |     8 |     6 |     2 |     1 |     9 ||    28
 Abil: Evoke Flight      |       |       |       |       |       |       |       |       |    10 ||    10
Evoke: Wand              |       |       |       |       |       |       |       |     2 |       ||     2
       Phantom mirror    |       |       |       |       |       |       |       |       |     1 ||     1
  Use: Scroll            |       |       |     5 |    10 |    10 |    16 |     2 |    21 |    34 ||    98
       Potion            |       |       |     1 |       |       |       |     4 |     3 |    33 ||    41
 Stab: Distracted        |       |       |       |       |     2 |     3 |     1 |     2 |    10 ||    18
       Petrifying        |       |       |       |       |       |       |       |       |     1 ||     1
       Petrified         |       |       |       |       |       |       |       |       |     1 ||     1
       Paralysed         |       |       |       |       |       |       |       |       |     1 ||     1
  Eat: Chunk             |     1 |     8 |    18 |    28 |    52 |    24 |    26 |    22 |    54 ||   233
       Ration            |       |       |       |     1 |     3 |    12 |     4 |     4 |    38 ||    62
Armor: Animal skin       |    11 |       |       |       |       |       |       |       |       ||    11
       Ring mail         |     1 |    53 |    10 |       |       |       |       |       |       ||    64
       Plate armour      |       |       |   160 |   375 |   748 |       |       |       |       ||  1283
       Chain mail        |       |       |       |       |   169 |   776 |   381 |   424 |   503 ||  2253
       Gold dragon scale |       |       |       |       |       |       |       |       |  1864 ||  1864
       Skin              |       |       |       |       |       |       |       |       |    33 ||    33
Dodge: Dodged            |    55 |    91 |    96 |   182 |   553 |   638 |   375 |   309 |  4401 ||  6700
